 Dungeon Crawl Stone Soup version 0.28-a0-1447-ga5a8893891 (webtiles) character file.

Game seed: 17079801042043362866

25 oldriver the Skirmisher (level 3, 0/30 HPs)
             Began as a Formicid Chaos Knight on Jan 11, 2022.
             Was a Plaything of Xom.
             Succumbed to an adder's poison
             ... on level 2 of the Dungeon.
             The game lasted 00:00:44 (947 turns).

oldriver the Skirmisher (Formicid Chaos Knight)      Turns: 947, Time: 00:00:45

Health: 0/30       AC:  5    Str: 18    XL:     3   Next: 20%
Magic:  3/3        EV: 11    Int: 11    God:    Xom [...*..]
Gold:   36         SH:  0    Dex: 10    Spells: 2/2 levels left

rFire   . . .      SeeInvis +   a - +0 hand axe (chaos)
rCold   . . .      Faith    .   (no shield)
rNeg    . . .      Spirit   .   b - +2 leather armour
rPois   .          Reflect  .   (helmet unavailable)
rElec   .          Harm     .   (no cloak)
rCorr   .          Rampage  .   (no gloves)
Will    .....                   (no boots)
Stlth   +.........              (no amulet)
HPRegen 0.10/turn               (no ring)
MPRegen 0.08/turn               (no ring)

@: brilliant, lethally poisoned (0 -> -1)
A: permanent stasis, dig shafts and tunnels, antennae 3, four strong arms
a: Dig, Shaft Self, Renounce Religion


You were on level 2 of the Dungeon.
You worshipped Xom.
You were a favourite toy of Xom.
You visited 1 branch of the dungeon, and saw 2 of its levels.

You collected 36 gold pieces.

Inventory:

Hand Weapons
 a - a +0 hand axe of chaos (weapon)
Armour
 b - a +2 leather armour (worn)
Jewellery
 c - a ring of resist corrosion
Scrolls
 d - a scroll of enchant weapon
 f - a scroll of identify


   Skills:
 + Level 3.6 Fighting
 + Level 3.3 Axes
 + Level 2.6 Armour
 + Level 1.4 Dodging


You had 2 spell levels left.
You didn't know any spells.
Your spell library contained the following spells:

 Spells                   Type           Power      Damage    Failure   Level
 Freeze                   Ice            0%         1d3       38%         1
 Frozen Ramparts          Ice            0%         1d2       77%         3
 Hailstorm                Conj/Ice       0%         3d3       99%         4


Dungeon Overview and Level Annotations

Branches:
Dungeon (2/15)

Altars:


Innate Abilities, Weirdness & Mutations

You cannot be hasted, slowed, berserked, paralysed or teleported.
You can dig through walls and to a lower floor.
You have a pair of large antennae on your head. (SInv)
Your four strong arms can wield two-handed weapons with a shield.


Message History

You are too injured to fight recklessly!
You are too injured to fight recklessly!
There is a lethal amount of poison in your body!
You hit the adder. You freeze the adder.
The adder is heavily wounded.
* * * LOW HITPOINT WARNING * * *
You feel sick. The adder barely misses you. The adder closely misses you.
You closely miss the adder.
The adder is heavily wounded.
* * * LOW HITPOINT WARNING * * *
You feel sick. The adder barely misses you.
You swap places.
* * * LOW HITPOINT WARNING * * *
You feel sick.
The adder completely misses your ufetubus.
Your ufetubus misses the adder. Your ufetubus hits the adder.
Unknown command.
There is a lethal amount of poison in your body!
* * * LOW HITPOINT WARNING * * *
You feel sick.
Your ufetubus hits the adder. Your ufetubus misses the adder.
The adder misses your ufetubus.
Your ufetubus misses the adder. x2
The adder barely misses your ufetubus.
It was a potion of brilliance.
You feel clever all of a sudden.
* * * LOW HITPOINT WARNING * * *
You feel sick.
Your ufetubus closely misses the adder.
Your ufetubus hits the adder.
The adder dies!
You have reached level 3!
Your experience leads to an increase in your attributes!
Increase (S)trength, (I)ntelligence, or (D)exterity?
You feel stronger. x2
There is a lethal amount of poison in your body!
* * * LOW HITPOINT WARNING * * *
You feel sick.
As you read the scroll labelled DAEVAU JOINANABU, it crumbles to dust.
It is a scroll of identify.
d - a scroll of enchant weapon You die...
Xom howls with laughter!

#. #.# #.# #.#
#.# ##.##
###...####.#
#...#@5....#
#.#...######
#.#.### #.#>##
#..[.# ###..#
###########..#
.........##†.#
########<##..#


You could see a friendly ufetubus (summoned).

Vanquished Creatures
  A ball python (D:2)
  2 bats (D:1)
  2 endoplasms (D:1)
  2 giant cockroaches
  A hobgoblin (D:2)
  2 kobolds (D:1)
  A frilled lizard (D:1)
  3 rats (D:1)
14 creatures vanquished.

Vanquished Creatures (collateral kills)
  An adder (D:2)
1 creature vanquished.

Grand Total: 15 creatures vanquished

Notes
Turn   | Place    | Note
-------+----------+-------------------------------------------
     0 | D:1      | oldriver the Formicid Chaos Knight began the quest for the
                  | Orb.
     0 | D:1      | Reached XP level 1. HP: 18/18 MP: 1/1
   133 | D:1      | XOM: silly message
   175 | D:1      | Reached skill level 1 in Dodging
   338 | D:1      | Reached XP level 2. HP: 24/24 MP: 2/2
   759 | D:1      | XOM: noise
   936 | D:2      | XOM: summons friendly ufetubus
   945 | D:2      | HP: 1/24 [poisoned by an adder]
   946 | D:2      | Reached XP level 3. HP: 2/30 MP: 3/3
   947 | D:2      | Succumbed to an adder's poison

Illustrated notes

Levels and vault maps discovered:
D:1:      dpeg_arrival_tiny_h, layout_basic
D:2:      layout_loops_ring, shapermc_ecumenical_altar_totnotflames,
          uniq_natasha, uniq_crazy_yiuf_cottage

Skill      XL: |  1 |
---------------+----+-----
Dodging        | 1 |  1.4
Fighting       | |  3.6
Axes           | |  3.3
Armour         | |  2.6

Action                   || total
-------------------------++-------
Melee: Hand axe          ||    55
  Use: Potion            ||     1
       Scroll            ||     1
Armor: Leather armour    ||    18
Dodge: Dodged            ||    41

Table legend: (Time is in decaauts)
 A = Elapsed time spent in this place.
 B = Non-inter-level travel time spent in this place.
 C = Inter-level travel time spent in this place.
 D = Time resting spent in this place.
 E = Time spent auto-exploring this place.
 F = Levels seen in this place.
 G = Mean time per level.
                   A        B        C        D        E       F      G
               +--------+--------+--------+--------+--------+-----+--------+
         Total |    954 |    885 |     69 |      0 |    765 |   2 |  477.0 |
       Dungeon |    954 |    885 |     69 |      0 |    765 |   2 |  477.0 |
               +--------+--------+--------+--------+--------+-----+--------+

Top non-repeatable levels by time:
     D:1: 867 daAuts
     D:2: 87 daAuts
